AoeStats
← Noveleto

Hill Fort

504840211Analyzed
2v2 RM · 26d ago on Sep 6, 2026· 86m 7s· 4 players
Game mode
Random Map
Map size
Medium (4 player)
Population
200
Speed
Normal
Resources
Standard
Victory
Conquest
Starting age
Dark Age
Ending age
Imperial Age
RankedLock teamsTeams togetherTeam positionsShared explorationLock speedFull tech treeHidden civsTurbo modeCheats
Victory
Defeat
🇺🇸 Tupi · United States
906
+15
🇺🇸 Sicilians · United States
905
+15
🇧🇷 Franks · Brazil
926
-16
🇧🇷 Portuguese · Brazil
861
-14
Sonera
6:53 Loom
9:17 Feudal Age
10:25 Double-Bit Axe
20:32 Gold Mining
24:50 Castle Age
23:39 Fletching
25:45 Scale Barding Armor
25:52 Forging
25:50 Elite Skirmisher
26:43 Bodkin Arrow
30:12 Chain Barding Armor
34:24 Ballistics
34:20 Padded Archer Armor
35:07 Iron Casting
36:27 Gold Shaft Mining
42:10 Leather Archer Armor
48:24 Imperial Age
49:16 Cavalier
52:16 Plate Barding Armor
52:42 Blast Furnace
52:44 Chemistry
51:40 Murder Holes
51:38 Guard Tower
52:28 Husbandry
53:10 Stone Mining
53:21 Arrowslits
53:42 Siege Engineers
53:49 Fortified Wall
54:23 Bow Saw
58:25 Paladin
60:35 Paladin
68:38 Hoardings
81:16 Scale Mail Armor
Noveleto
11:07 Feudal Age
9:22 Loom
14:04 Double-Bit Axe
17:00 Gold Mining
17:27 Stone Mining
22:13 Castle Age
30:59 Imperial Age
29:08 Bow Saw
35:58 Elite Organ Gun
38:46 Chemistry
39:28 Ballistics
39:19 Masonry
39:58 Arquebus
53:51 Architecture
71:43 Pikeman
72:19 Halberdier
76:40 Scale Mail Armor
76:51 Forging
nickway
12:27 Feudal Age
14:49 Scale Mail Armor
15:31 Forging
15:12 Arson
16:15 Champi Runner
17:23 Loom
21:43 Castle Age
23:52 Wheelbarrow
23:00 Pikeman
23:45 Squires
24:13 Chain Mail Armor
24:34 Iron Casting
23:56 Horse Collar
24:07 Double-Bit Axe
24:14 Gold Mining
25:41 Bow Saw
25:34 Heavy Plow
25:25 Stone Mining
27:47 Padded Archer Armor
27:38 Fletching
27:43 Pikeman
30:11 Gold Shaft Mining
31:57 Hand Cart
35:15 Imperial Age
33:49 Bodkin Arrow
34:10 Town Watch
35:49 Caciques
36:28 Ballistics
36:52 Plate Mail Armor
36:57 Halberdier
38:28 Conscription
42:00 Chemistry
42:31 Town Patrol
42:49 Leather Archer Armor
42:34 Bracer
42:06 Elite Blackwood Archer
44:39 Curare
44:42 Treadmill Crane
44:58 Murder Holes
46:47 Ring Archer Armor
49:06 Caciques
51:29 Two-Man Saw
51:23 Caravan
50:57 Onager
51:03 Champi Warrior
51:51 Elite Champi Warrior
51:55 Onager
56:12 Hoardings
58:00 Guard Tower
57:56 Arrowslits
78:44 Elite Skirmisher
Deshio
5:20 Loom
11:33 Feudal Age
18:10 Horse Collar
28:19 Castle Age
28:38 Pikeman
29:19 Squires
34:23 Heavy Plow
34:17 Double-Bit Axe
34:26 Gold Mining
37:55 Stone Mining
38:43 Wheelbarrow
40:28 Hand Cart
40:13 Murder Holes
40:41 Ballistics
40:16 Fletching
42:02 Masonry
41:59 Arson
42:27 Bodkin Arrow
43:43 Stone Shaft Mining
49:28 Imperial Age
47:14 Forging
47:05 Scale Mail Armor
50:39 Gold Shaft Mining
50:24 Siege Engineers
50:06 Arrowslits
51:49 Chemistry
51:17 Husbandry
51:30 Bloodlines
52:00 Bow Saw
52:55 Bracer
52:55 Padded Archer Armor
53:03 Scale Barding Armor
53:34 Iron Casting
52:25 Cavalier
54:46 Halberdier
60:37 Chain Barding Armor
61:18 Blast Furnace
63:01 Plate Barding Armor
65:05 Conscription
65:39 Caravan
81:28 Light Cavalry
82:32 Chain Mail Armor
Connection lost

Rejoining the realm…

Still unreachable

The connection could not be restored.

Session expired

The server has moved on; the page needs a fresh start.